 Dungeon Crawl Stone Soup version 0.29-a0-378-gc08b2e8bf8 (webtiles) character file.

Game seed: 7182006586360701840

1 spaghetti the Skirmisher (level 1, 14/18 HPs)
             Began as a Demonspawn Berserker on May 4, 2022.
             Was a Follower of Trog.
             Quit the game on level 1 of the Dungeon.
             The game lasted 00:01:16 (197 turns).

spaghetti the Skirmisher (Demonspawn Berserker)      Turns: 197, Time: 00:01:16

Health: 14/18      AC:  2    Str: 17    XL:     1   Next: 16%
Magic:  1/1        EV: 12    Int:  8    God:    Trog [*.....]
Gold:   13         SH:  0    Dex: 12    Spells: 0/0 levels left

rFire   . . .      SeeInvis .     - Unarmed
rCold   . . .      Faith    .   (no shield)
rNeg    . . .      Spirit   .   a - +0 animal skin
rPois   .          Reflect  .   (no helmet)
rElec   .          Harm     .   (no cloak)
rCorr   .          Rampage  .   (no gloves)
Will    .....                   (no boots)
Stlth   +.........              (no amulet)
HPRegen 0.06/turn               (no ring)
MPRegen 0.07/turn               (no ring)

@: no status effects
A: no striking features
a: Renounce Religion, Berserk


You were on level 1 of the Dungeon.
You worshipped Trog.
Trog was aware of your devotion.
You visited 1 branch of the dungeon, and saw 1 of its levels.

You collected 13 gold pieces.


   Skills:
 + Level 3.0 Fighting
 + Level 1.8 Armour
 + Level 1.8 Dodging
 + Level 2.7 Unarmed Combat


You couldn't memorise any spells.
You didn't know any spells.
Your spell library was empty.

Inventory:

Armour
 a - a +0 animal skin (worn)
 c - a +0 buckler
   (You found it on level 1 of the Dungeon)
Scrolls
 b - a scroll of identify {unknown}
Potions
 d - a potion of curing {unknown}
 e - a potion of flight {unknown}

Dungeon Overview and Level Annotations

Branches:
Dungeon (1/15)

Altars:

## .# ###.#
###########.#.#
#...........#.#
#.#########.#.#
#.#......##.#.####..
#.#.........@.......
#.######....#g#.####
#...............#
###########.##..# ##
###### #.# ..#
.###.#.#.. #.# ..#
......#..######.# .#
≈≈≈..##....#.##.# .#
≈≈≈≈......##....#


You could see a hobgoblin.


Message History

🤖 Initializing magus.rc ...
Options error: Delay interrupt name "hungry" not recognised. (~/.crawlrc:4761) Options error: Bad monster_list_colour key: strict_neutral (~/.crawlrc:4776) Bad channel name for runrest: 'pray:' ✅ Successfully initialized magus.rc [v1.9.6] Welcome, spaghetti the Demonspawn Berserker.
Will you be the one to retrieve the incredible Orb of Zot from the depths?
Trog says: Kill them all!
Press ? for a list of commands and other information.
Found a buckler, a scroll labelled EDYLIYCOMO and a bubbling ruby potion.
Found a staircase leading out of the dungeon.
You enter the shallow water.
Moving in this stuff is going to be slow.
b - a scroll labelled EDYLIYCOMO A rat comes into view.
A rat is nearby!
A rat comes into view.
You see here a +0 buckler.
c - a +0 buckler You hit the rat but do no damage.
The rat bites you. 😕 HP[-1]
You take 1 damage, and now have 17/18 hp.
You closely miss the rat. The rat bites you. 😕 HP[-3]
You take 3 damage, and now have 14/18 hp.
You hit the rat. The rat closely misses you.
You barely miss the rat. The rat bites you. 😮 HP[-3]
You take 3 damage, and now have 11/18 hp.
You hit the rat.
You kill the rat!
Trog accepts your kill.
Unknown command.
You see here a rat corpse.
You hit the rat but do no damage. The rat closely misses you.
You closely miss the rat. The rat closely misses you.
You closely miss the rat. The rat closely misses you.
You punch the rat!
You kill the rat!
Trog accepts your kill. 🤖 Initializing magus.rc ...
Options error: Delay interrupt name "hungry" not recognised. (~/.crawlrc:4761) Options error: Bad monster_list_colour key: strict_neutral (~/.crawlrc:4776) Bad channel name for runrest: 'pray:' ✅ Successfully initialized magus.rc [v1.9.6] Welcome back, spaghetti the Demonspawn Berserker.
Trog says: Kill them all!
Press ? for a list of commands and other information.
Key pressed, stopping explore.
d - a bubbling ruby potion 😎 HP[+7]
Your hp is fully restored (18).
e - a silvery potion You now have 13 gold pieces.
A hobgoblin comes into view.
The hobgoblin shouts!
A hobgoblin is nearby!
No target in range!
The hobgoblin hits you. 😕 HP[-2]
You take 2 damage, and now have 16/18 hp.
You closely miss the hobgoblin. The hobgoblin hits you. 😕 HP[-2]
You take 2 damage, and now have 14/18 hp.
Are you sure you want to abandon this character and quit the game? (Confirm with "yes".)

Action                   || total
-------------------------++-------
Melee: Unarmed           ||    10
Dodge: Dodged            ||     4

Levels and vault maps discovered:
D:1:      dpeg_arrival_subterranean_lakeside_camping, layout_basic,
          serial_shops, nicolae_shop_crystal, minmay_misc_feat_enclosed

Notes
Turn   | Place    | Note
-------+----------+-------------------------------------------
     0 | D:1      | spaghetti the Demonspawn Berserker began the quest for the
                  | Orb.
     0 | D:1      | Reached XP level 1. HP: 18/18 MP: 1/1
     0 | D:1      | magus.rc [v1.9.6]
    32 | D:1      | magus.rc [v1.9.6]
   197 | D:1      | Quit the game

Vanquished Creatures
  2 rats (D:1)
2 creatures vanquished.

Table legend:
 A = Non-vault XP
 B = Vault XP
 C = Vault XP percentage of total XP
 D = Non-vault monster count
 E = Vault monster count
 F = Vault count percentage of total count
                 A         B        C        D         E       F
            +---------+---------+-------+---------+---------+-------
      Total |       0 |       2 | 100.0 |       0 |       2 | 100.0
            +---------+---------+-------+---------+---------+-------
        D:1 |       0 |       2 | 100.0 |       0 |       2 | 100.0
            +---------+---------+-------+---------+---------+-------

Illustrated notes

Table legend:
 A = Kills in this place as a percentage of kills in entire the game.
 B = Kills by you in this place as a percentage of kills by you in the entire game.
 C = Kills by friends in this place as a percentage of kills by friends in the entire game.
 D = Other kills in this place as a percentage of other kills in the entire game.
 E = Experience gained in this place as a percentage of experience gained in the entire game.
 F = Experience gained in this place divided by the number of levels of this place that you have seen.
                   A       B       C       D       E      F
               +-------+-------+-------+-------+-------+----------------------
         Total | 100.0 | 100.0 |   N/A |   N/A | 100.0 |   2.0
       Dungeon | 100.0 | 100.0 |   N/A |   N/A | 100.0 |   2.0
               +-------+-------+-------+-------+-------+----------------------

Table legend: (Time is in decaauts)
 A = Elapsed time spent in this place.
 B = Non-inter-level travel time spent in this place.
 C = Inter-level travel time spent in this place.
 D = Time resting spent in this place.
 E = Time spent auto-exploring this place.
 F = Levels seen in this place.
 G = Mean time per level.
                   A        B        C        D        E       F      G
               +--------+--------+--------+--------+--------+-----+--------+
         Total |    197 |    197 |      0 |      0 |    168 |   1 |  197.0 |
       Dungeon |    197 |    197 |      0 |      0 |    168 |   1 |  197.0 |
               +--------+--------+--------+--------+--------+-----+--------+

Top non-repeatable levels by time:
     D:1: 197 daAuts
